Map: Tours du crépuscule

Players

KarlNapp - Winner!

  • Race: Terran Terran
  • League: Gold
  • Spawn Location: 1:00

zidar

  • Race: Zerg Zerg
  • League: Gold
  • Spawn Location: 7:00

VOD

Have the link to the VOD?

Description

Time

  • Played on: June 11, 2016, 1:18 p.m.
  • Length: 9:40
Show
View Real Time Build Order
Export as new Build Order

KarlNapp Terran - Winner!

Build Orders: Liberator Opening 

Get SALT Encoding   

  12  0:01  SCV  
  13  0:13  SCV  
  14  0:22  Supply Depot  
  14  0:25  SCV  
  15  0:29  Refinery  
  15  0:43  SCV  
  15  0:47  Barracks  
  16  0:55  SCV  
  17  1:07  SCV  
  18  1:20  SCV  
  19  1:32  SCV  
  20  1:42  Command Center  
  20  1:43  Barracks Reactor  
  20  1:57  Supply Depot  
  20  1:58  Orbital Command  
  20  2:15  Factory  
  20  2:17  Refinery  
  20  2:21  Marine x2  
  22  2:30  SCV  
  23  2:38  Marine  
  23  2:42  SCV  
  25  2:45  Marine  
  26  2:55  SCV  
  26  2:56  Marine  
  29  3:00  Orbital Command  
  29  3:02  Marine  
  29  3:04  Factory Reactor  
  29  3:08  Starport  
  29  3:11  SCV  
  30  3:14  Marine  
  31  3:28  Marine  
  31  3:32  Marine  
  33  3:36  SCV  
  33  3:37  SCV  
  35  3:46  Marine  
  36  3:49  SCV x2  
  36  3:50  Marine, Liberator  
  36  3:54  Barracks  
  39  3:58  Factory Tech Lab  
  39  4:01  SCV x2  
  41  4:04  Marine  
  41  4:08  Marine  
  46  4:12  Supply Depot  
  46  4:18  Supply Depot  
  46  4:33  Marine x2, SCV x2, Medivac  
  46  4:36  Liberator  
  52  4:40  Siege Tank  
  52  4:45  Barracks Tech Lab, SCV x2  
  55  4:46  Supply Depot  
  55  4:47  Supply Depot  
  55  4:51  Marine x2  
  59  4:53  Barracks  
  62  5:08  SCV  
  62  5:09  SCV  
  63  5:16  Marauder  
  63  5:18  Stimpack  
  63  5:20  SCV  
  63  5:21  SCV  
  67  5:23  Refinery  
  67  5:27  Refinery  
  67  5:29  Marine x2  
  67  5:32  Siege Tank  
  72  5:36  SCV  
  72  5:37  SCV  
  72  5:38  Marauder  
  76  5:45  Barracks Tech Lab  
  76  5:48  SCV  
  76  5:49  SCV  
  78  6:08  Supply Depot  
  78  6:09  Supply Depot  
  78  6:16  Command Center  
  78  6:18  Liberator  
  78  6:20  Supply Depot  
  78  6:24  Combat Shield  
  78  6:29  Marine x3, SCV x2  
  78  6:30  Marauder  
  85  6:36  Medivac  
  90  6:40  Siege Tank  
  93  6:47  Marauder  
  93  6:49  Marine x2, Supply Depot  
  93  6:51  Marauder, Supply Depot  
  93  6:53  Supply Depot  
  99  7:08  Marine x2  
  99  7:11  Marauder  
  99  7:14  SCV, Siege Tank  
  99  7:15  SCV  
  108  7:21  Supply Depot  
  108  7:25  Supply Depot  
  108  7:26  Supply Depot  
  108  7:27  SCV x2  
  105  7:46  Liberator  
  105  7:57  Marine x2  
  105  7:58  Marauder x2  
  111  7:59  SCV  
  111  8:00  SCV  
  111  8:02  Orbital Command  
  111  8:03  Medivac  
  118  8:06  Siege Tank  
  121  8:14  Marine  
  121  8:15  Marine  
  121  8:19  Marauder  
  127  8:20  Marauder  
  127  8:28  Liberator  
  127  8:32  Marine  
  128  8:36  Marine  
  128  8:40  Marine  
  132  8:41  Marauder  
  132  8:43  Siege Tank  
  132  8:44  Medivac  
  139  8:59  Marauder  
Show
View Real Time Build Order
Export as new Build Order

zidar Zerg 

Build Orders: Hatch First 

Get SALT Encoding   

  12  0:01  Drone  
  13  0:12  Overlord  
  13  0:17  Drone  
  14  0:30  Drone x2  
  14  0:34  Drone  
  17  0:55  Hatchery  
  16  0:57  Drone  
  16  1:01  Extractor  
  16  1:03  Drone  
  17  1:21  Spawning Pool  
  17  1:25  Drone  
  17  1:27  Drone  
  18  1:33  Overlord  
  18  2:01  Drone  
  18  2:04  Drone  
  18  2:07  Queen  
  18  2:08  Queen  
  24  2:12  Metabolic Boost  
  24  2:38  Roach Warren  
  23  2:50  Pneumatized Carapace  
  23  2:52  Drone  
  23  2:55  Drone x4  
  27  3:41  Zergling x2  
  27  3:43  Overlord x2  
  27  3:44  Overlord  
  28  4:09  Roach x7  
  42  4:10  Baneling Nest, Zergling x2  
  42  4:11  Zergling x2  
  43  4:28  Hatchery  
  42  4:39  Ravager  
  43  4:47  Extractor  
  43  4:51  Extractor  
  43  4:52  Extractor  
  40  5:03  Drone  
  40  5:04  Drone x8  
  49  5:12  Lair  
  49  5:19  Queen  
  51  5:53  Ravager x2  
  53  5:58  Overlord x3  
  53  5:59  Overlord x2  
  53  6:21  Spire  
  53  6:22  Zergling x18  
  61  6:33  Drone  
  61  6:35  Evolution Chamber  
  61  6:37  Evolution Chamber  
  60  6:41  Drone x2  
  60  6:43  Drone  
  63  6:47  Centrifical Hooks  
  63  6:51  Drone  
  64  6:56  Drone  
  65  7:15  Drone x4  
  69  7:17  Drone x2  
  69  7:19  Drone  
  69  7:44  Drone  
  69  7:45  Drone x6  
  76  7:51  Zergling x2  
  76  7:52  Zergling x12  
  83  8:02  Spore Crawler  
  82  8:05  Spore Crawler  
  82  8:08  Spore Crawler  
  82  8:09  Roach  
  82  8:10  Roach x2  
  82  8:11  Ravager x2  
  88  8:19  Drone x4  
  92  8:27  Baneling x9  
  73  9:10  Roach x4  
  73  9:11  Roach x4, Zergling x16  
Tags
 
Add a new tag
Caveats
  • Supply blocks, unpowered buildings, or Contaminate may cause inaccurate times.
  • Supply counts are checked every 10 seconds.